 Dungeon Crawl Stone Soup version 0.31-a0-4-gefa6de2278 (webtiles) character file.

Game seed: 16867998081359407854

53003 jasper the Fighter (level 14, -3/118 HPs)
             Began as a Demonspawn Air Elementalist on May 3, 2023.
             Was a High Priest of Vehumet.
             Slain by a death yak (24 damage)
             ... on level 5 of the Lair of Beasts.
             The game lasted 00:35:39 (23362 turns).

jasper the Fighter (Demonspawn Air Elementalist)   Turns: 23362, Time: 00:35:40

Health: -3/118     AC: 12    Str: 10    XL:     14   Next: 29%
Magic:  6/30       EV: 33    Int: 25    God:    Vehumet [*****.]
Gold:   1204       SH:  6    Dex: 24    Spells: 13/37 levels left

rFire   + . .        L - +5 scimitar "Wocus" {heavy, rF+ Int+3}
rCold   + . .        H - +0 buckler
rNeg    + + .        U - +2 robe {rC+}
rPois   +            y - +2 helmet "Wixuar" {Dex+5}
rElec   +            n - +0 cloak
rCorr   .            (no gloves)
SInv    .            (no boots)
Will    +....        x - amulet of the Protecting Gods {Acrobat +Inv Int+2}
Stlth   ++           c - ring "Hera" {rElec rN++ AC+4 Dex+5}
HPRegen 0.39/turn    N - ring of poison resistance
MPRegen 0.22/turn

%: acrobat
@: acrobatic
A: hooves 2, foul stench 2, demonic magic 2, weakness stinger 2, demonic touch 2
a: Renounce Religion, Evoke Invisibility


You were on level 5 of the Lair of Beasts.
You worshipped Vehumet.
Vehumet was extremely pleased with you.
You visited 3 branches of the dungeon, and saw 17 of its levels.
You also visited: Bailey and Gauntlet.

You collected 1204 gold pieces.

Inventory:

Hand Weapons
 L - the +5 scimitar "Wocus" (weapon) {heavy, rF+ Int+3}
   (You found it on level 10 of the Dungeon)

   Int:       It affects your intelligence (+3).
   rF:        It protects you from fire.
 R - the +8 trident of the Octopus King {venom, rElec rPois}
   (You found it on level 11 of the Dungeon)

   rElec:     It insulates you from electricity.
   rPois:     It protects you from poison.
Missiles
 g - 34 javelins
 p - 2 throwing nets
 w - 17 poisoned darts
Armour
 h - the +5 ring mail of Midwinter {rPois Will+}
   (You took it off a minotaur in a Gauntlet)

   rPois:     It protects you from poison.
   Will:      It increases your willpower.
 n - a +0 cloak (worn)
 y - the +2 helmet "Wixuar" (worn) {Dex+5}
   (You found it in a bailey)

   Dex:       It affects your dexterity (+5).
 H - a +0 buckler (worn)
 M - a +0 kite shield
 U - a +2 robe of cold resistance (worn)
 Z - a +0 helmet of intelligence
Jewellery
 c - the ring "Hera" (left hand) {rElec rN++ AC+4 Dex+5}
   (You found it in a Gauntlet)

   [ring of protection]

   AC:        It affects your AC (+4).
   Dex:       It affects your dexterity (+5).
   rElec:     It insulates you from electricity.
   rN:        It greatly protects you from negative energy.
 i - the ring of Isoumeik {rElec rPois EV+5}
   (You found it in a Gauntlet)

   [ring of evasion]

   EV:        It affects your evasion (+5).
   rElec:     It insulates you from electricity.
   rPois:     It protects you from poison.
 v - a ring of protection from cold
 x - the amulet of the Protecting Gods (around neck) {Acrobat +Inv Int+2}
   (You acquired it on level 6 of the Dungeon)

   [amulet of the acrobat]

   It increases your evasion while moving and waiting.
   Int:       It affects your intelligence (+2).
   +Inv:      It lets you turn invisible.
 N - a ring of poison resistance (right hand)
 P - an amulet of reflection
 T - a ring of ice
 V - a ring of magical power
 W - the ring "Beintoha" {rN+ Str-5 Dex+3 Slay+6}
   (You found it in a Gauntlet)

   [ring of positive energy]

   Str:       It affects your strength (-5).
   Dex:       It affects your dexterity (+3).
   Slay:      It affects your accuracy & damage with ranged weapons and melee
   (+6).
   rN:        It protects you from negative energy.
 Y - a ring of protection from cold
Wands
 a - a wand of charming (9)
 z - a wand of roots (6)
 B - a wand of mindburst (14)
 J - a wand of digging (6)
 K - a wand of flame (22)
Scrolls
 l - 5 scrolls of magic mapping
 m - 3 scrolls of identify
 q - 4 scrolls of amnesia
 s - 4 scrolls of blinking
 t - 3 scrolls of immolation
 A - 6 scrolls of enchant weapon
 D - 2 scrolls of poison
 E - 3 scrolls of fog
 F - a scroll of vulnerability
 G - a scroll of teleportation
 Q - a scroll of fear
 S - 2 scrolls of enchant armour
Potions
 b - a potion of magic
 d - 8 potions of heal wounds
 e - 2 potions of brilliance
 f - 3 potions of lignification
 j - 3 potions of degeneration
 k - 2 potions of flight
 o - 3 potions of invisibility
 r - 9 potions of curing
 u - 2 potions of cancellation
 C - a potion of might
 I - a potion of mutation
 O - a potion of haste
 X - 3 potions of attraction


   Skills:
 + Level 13.0 Fighting
 - Level 8.2 Dodging
 - Level 1.7 Stealth
 - Level 4.0 Shields
 + Level 12.1 Spellcasting
 - Level 10.0 Conjurations
 - Level 5.0 Ice Magic
 * Level 9.5 Air Magic


You had 13 spell levels left.
You knew the following spells:

 Your Spells              Type           Power      Damage    Failure   Level
a - Shock                 Conj/Air       100%       1d9       1%          1
b - Static Discharge      Conj/Air       100%       2-7/arc   1%          2
c - Swiftness             Air            58%        N/A       1%          3
d - Airstrike             Air            29%        2d(5-21)  1%          4
e - Mephitic Cloud        Conj/Pois/Air  47%        N/A       1%          3
f - Freezing Cloud        Conj/Ice/Air   27%        6-21      1%          5
g - Conjure Ball Lightni  Conj/Air       29%        3x3d8     4%          6

Your spell library contained the following spells:

 Spells                   Type           Power      Damage    Failure   Level
 Iskenderun's Mystic Bla  Conj/Tloc      40%        2d9       1%          4
 Kiss of Death            Conj/Necr      100%       2d13      1%          1
 Magic Dart               Conj           100%       1d8       1%          1
 Poisonous Vapours        Pois/Air       78%        N/A       1%          2
 Searing Ray              Conj           100%       2d8       1%          2
 Fulminant Prism          Conj/Hex       20%        3d12      1%          4
 Sticky Flame             Conj/Fire      40%        2d6       1%          4
 Iskenderun's Battlesphe  Conj           60%        2d11      1%          5
 Ensorcelled Hibernation  Hex/Ice        54%        N/A       3%          2
 Ignite Poison            Fire/Tmut/Pois 15%        N/A       4%          3
 Fireball                 Conj/Fire      20%        3d10      5%          5
 Confusing Touch          Hex            15%        N/A       17%         3
 Spider Form              Tmut/Pois      15%        N/A       17%         3
 Summon Guardian Golem    Hex/Summ       15%        N/A       17%         3
 Orb of Destruction       Conj           30%        9d10      21%         7
 Anguish                  Hex/Necr       7%         N/A       50%         4
 Dispel Undead            Necr           15%        3d10      50%         4
 Spellforged Servitor     Conj/Summ      20%        N/A       80%         7
 Ignition                 Fire           7%         3d5       100%        8


Dungeon Overview and Level Annotations

Branches:
Dungeon (11/15)            Temple (1/1) D:5            Lair (5/5) D:10
 Shoals (0/4) Lair:3        Snake (0/4) Lair:2        Slime (0/5) Lair:4
    Orc (0/2) D:11         Bailey (visited)         Gauntlet (visited)

Altars:
Cheibriados
Dithmenos
Fedhas
Gozag
Hepliaklqana
Kikubaaqudgha
Makhleb
Nemelex Xobeh
Okawaru
Qazlal
Ru
Sif Muna
Trog
Uskayaw
Vehumet
Wu Jian
Xom
Yredelemnul
Jiyva

Shops:
D:11 (

Annotations:
D:7 1 runed translucent door, elongatedgoose's ghost, amateur DsGl
Lair:4 4 runed translucent doors, Zinwir's ghost, journeyman KoHu


Innate Abilities, Weirdness & Mutations

You have hoof-like feet.
You sometimes emit foul miasma when damaged in melee.
Spells you cast may paralyse nearby enemies.
You have a tail ending in a sharp stinger.
Your touch may inflict irresistible damage on your foes.


Message History

You now have 4/30 mp.
The yak is no longer paralysed.
The death yak is engulfed in freezing vapours.
The yak is engulfed in freezing vapours.
You kill the yak!
Vehumet accepts your kill.
You feel your power returning.
The death yak is engulfed in freezing vapours. x2
Okay, then.
Aiming: Shock (safe; 1% risk of failure)
Press: ? - help, Q - select action, (/) - cycle Shift-Dir - straight line, f/p - death yak
Aim: a death yak (freezing vapour, heavily wounded, 91% to hit)
The zap hits the death yak.
The death yak is heavily wounded.
The zap hits the death yak but does no damage.
The death yak is heavily wounded.
The zap hits the death yak but does no damage.
The death yak is heavily wounded.
The zap hits the yak!
The yak is heavily wounded.
Malevolent energies surge around you. The death yak completely misses you.
The death yak is engulfed in freezing vapours. x3
The death yak attacks as you move away!
The death yak gores you but does no damage.
The death yak is engulfed in freezing vapours. x3
The death yak is engulfed in freezing vapours. x2
The death yak is engulfed in freezing vapours. x2
The death yak is engulfed in freezing vapours.
The death yak attacks as you move away! The death yak completely misses you.
The death yak is engulfed in freezing vapours.
The death yak attacks as you move away! The death yak gores you!!
* * * LOW HITPOINT WARNING * * *
You emit a cloud of foul miasma!
The death yak attacks as you move away! The death yak completely misses you.
The death yak is engulfed in dark miasma.
The death yak is poisoned.
You take 24 damage, and have 21/118 hp.
MASSIVE DAMAGE!!
The death yak attacks as you move away! The death yak gores you!!
You die...

... ##....# #.....# ..####....#
#.§.Y#.# ..##......## ##...###
.........#.####.YY.##
...........†.##.....## ..
....÷...........YY...##. ..
..#..#...†.......§.##... ..
...##..........YY....... ..
.†.##.....÷.....@....../ ..
...##..................... ##..
....##÷..†.........#...#.Y.Y##...
...###.............#####...YY.<..
†.## #.......!.....# ..........
..h##..............P# #.....Y...
.h###...............# .....#k#..
..# #...............# #....## ..
P.. ##...............# .... ..


You could see 4 death yaks and 3 yaks.

Vanquished Creatures
  A minotaur (Gauntlet)
  Snorg (Lair:3)
  Fannar (Lair:1)
  3 hydras
  A catoblepas (Lair:4)
  2 two-headed ogres
  19 death yaks
  Amaemon (Lair:1)
  2 skysharks
  A fire crab (Gauntlet)
  An orange crystal statue (D:9)
  Pikel (D:7)
  A lindwurm (Lair:5)
  A necromancer (Gauntlet)
  A cyclops (D:11)
  A manticore (Lair:3)
  2 black mambas (Lair:5)
  4 elephants (Lair:4)
  2 torpor snails
  An orange demon (Lair:1)
  2 gargoyles
  7 cane toads
  An unseen horror (D:11)
  3 rime drakes
  6 komodo dragons
  3 polar bears
  6 trolls
  A wind drake (Lair:3)
  11 blink frogs
  A slime creature (Gauntlet)
  7 dream sheep (Lair:3)
  7 wyverns
  A vampire (D:10)
  55 yaks
  3 basilisks
  2 fire bats (Gauntlet)
  A warg (Lair:5)
  An acid dragon (D:10)
  2 nagas (Lair:2)
  8 water moccasins
  13 orc warriors
  A hell hound (Lair:5)
  2 sky beasts
  An ice beast (D:5)
  4 black bears
  2 ogres
  14 wolves
  13 centaurs
  2 lemures (D:7)
  A kobold brigand (D:9)
  13 bullfrogs
  2 gnoll sergeants
  3 scorpions
  7 wights
  6 howler monkeys
  5 electric eels
  8 hounds
  6 jellies
  A gnoll bouda (D:5)
  4 orc priests
  A sleepcap (D:8)
  2 iguanas
  6 orc wizards
  11 gnolls
  7 adders
  A shadow imp (D:8)
  2 white imps
  A worm (D:2)
  5 dart slugs
  54 orcs
  4 endoplasms
  A giant cockroach (D:3)
  13 goblins
  7 hobgoblins
  9 jackals
  A quokka (D:2)
  4 ball pythons
  4 bats
  2 frilled lizards (D:3)
  13 kobolds
  3 rats
434 creatures vanquished.

Vanquished Creatures (others)
  41 ball lightnings
  37 fungi
  89 plants
167 creatures vanquished.

Grand Total: 601 creatures vanquished

Notes
Turn   | Place    | Note
-------+----------+-------------------------------------------
     0 | D:1      | jasper the Demonspawn Air Elementalist began the quest for
                  | the Orb.
     0 | D:1      | Reached XP level 1. HP: 13/13 MP: 3/3
   434 | D:1      | Gained mutation: Spells you cast may paralyse adjacent
                  | enemies. [demonic ancestry]
   434 | D:1      | Reached XP level 2. HP: 20/20 MP: 0/5
   437 | D:1      | Learned a level 2 spell: Static Discharge
  1226 | D:2      | Reached skill level 1 in Fighting
  1299 | D:2      | Found a faded altar of an unknown god.
  1427 | D:2      | Reached XP level 3. HP: 26/26 MP: 1/6
  1431 | D:2      | Learned a level 3 spell: Swiftness
  1802 | D:2      | Found a bloodstained altar of Trog.
  2196 | D:3      | Gained mutation: Spells you cast may paralyse nearby
                  | enemies. [demonic ancestry]
  2196 | D:3      | Reached XP level 4. HP: 32/32 MP: 2/7
  2925 | D:3      | Reached skill level 2 in Fighting
  3427 | D:4      | Found a blossoming altar of Fedhas.
  3548 | D:4      | Gained mutation: You may rarely emit foul miasma when
                  | damaged in melee. [demonic ancestry]
  3548 | D:4      | Reached XP level 5. HP: 26/38 MP: 1/9
  4053 | D:4      | Learned a level 4 spell: Airstrike
  4070 | D:5      | Entered Level 5 of the Dungeon
  4070 | D:5      | Noticed a centaur
  4133 | D:5      | Killed a centaur
  4134 | D:5      | Discovered your monstrous ancestry.
  4134 | D:5      | Gained mutation: Your touch may inflict minor irresistible
                  | damage on your foes. [demonic ancestry]
  4134 | D:5      | Reached XP level 6. HP: 30/46 MP: 8/11
  4202 | D:5      | Found a staircase to the Ecumenical Temple.
  4222 | Temple   | Entered the Ecumenical Temple
  4249 | Temple   | Became a worshipper of Vehumet
  4283 | D:5      | Reached skill level 3 in Fighting
  4401 | D:5      | Noticed an ice beast
  4419 | D:5      | Killed an ice beast
  4420 | D:5      | Reached skill level 5 in Conjurations
  4499 | D:5      | Gained mutation: You sometimes emit foul miasma when
                  | damaged in melee. [demonic ancestry]
  4499 | D:5      | Reached XP level 7. HP: 35/52 MP: 2/13
  4503 | D:5      | Learned a level 3 spell: Mephitic Cloud
  5078 | D:5      | Reached skill level 4 in Fighting
  5504 | D:5      | Found an iron altar of Okawaru.
  5603 | D:6      | Reached XP level 8. HP: 50/61 MP: 0/15
  5847 | D:6      | Reached * piety under Vehumet
  5847 | D:6      | Offered knowledge of Sandblast by Vehumet.
  5991 | D:6      | Reached skill level 5 in Air Magic
  5994 | D:6      | Reached skill level 5 in Spellcasting
  6137 | D:6      | Found a burning altar of Makhleb.
  6483 | D:6      | Reached skill level 5 in Fighting
  6833 | D:6      | Identified a scroll of acquirement
  6833 | D:6      | Acquired the amulet of the Protecting Gods {Acrobat +Inv
                  | Int+2}
  7133 | D:7      | Found a flagged portal.
  7157 | D:7      | Noticed Pikel
  7167 | D:7      | Killed Pikel
  7168 | D:7      | Gained mutation: You have large cloven feet. [demonic
                  | ancestry]
  7168 | D:7      | Reached XP level 9. HP: 56/69 MP: 2/17
  7174 | D:7      | Learned a level 5 spell: Freezing Cloud
  7175 | Bailey   | Entered a bailey
  7302 | Bailey   | Reached skill level 1 in Ice Magic
  7475 | Bailey   | Reached skill level 6 in Fighting
  7718 | Bailey   | Reached ** piety under Vehumet
  7718 | Bailey   | Offered knowledge of Foxfire by Vehumet.
  8647 | Bailey   | Reached skill level 7 in Fighting
  8758 | Bailey   | Identified the +2 helmet "Wixuar" {Dex+5}
  8998 | D:7      | Reached skill level 5 in Ice Magic
  8998 | D:7      | Gained mutation: You have a small tail. [demonic ancestry]
  8998 | D:7      | Reached XP level 10. HP: 79/79 MP: 11/20
  9081 | D:7      | Found an opulent altar of Gozag.
  9497 | D:7      | Found a runed translucent door.
  9498 | D:7      | Noticed elongatedgoose's ghost (amateur DsGl)
  9582 | D:7      | Found a bloodstained altar of Trog.
  9593 | D:7      | Found a shimmering blue altar of Sif Muna.
  9654 | D:7      | Found a shadowy altar of Dithmenos.
 10187 | D:8      | Offered knowledge of Hailstorm by Vehumet.
 11008 | D:9      | Noticed an orange crystal statue
 11014 | D:9      | Killed an orange crystal statue
 11015 | D:9      | Reached skill level 8 in Fighting
 11168 | D:9      | Reached *** piety under Vehumet
 11265 | D:9      | Noticed a two-headed ogre
 11276 | D:9      | Killed a two-headed ogre
 11296 | D:9      | Reached XP level 11. HP: 84/87 MP: 2/23
 11314 | D:9      | Offered knowledge of Stone Arrow by Vehumet.
 11563 | D:9      | Reached skill level 1 in Shields
 11920 | D:9      | Found a hazy altar of Hepliaklqana.
 12113 | D:9      | Found a stormy altar of Qazlal.
 12133 | D:9      | Reached skill level 9 in Fighting
 12291 | D:9      | Reached **** piety under Vehumet
 12497 | D:10     | Entered Level 10 of the Dungeon
 12655 | D:10     | Offered knowledge of Irradiate by Vehumet.
 13170 | D:10     | Found a staircase to the Lair.
 13267 | D:10     | Identified the +5 scimitar "Wocus" {heavy, rF+ Int+3}
 13992 | D:11     | Found Lasul's Weapon Boutique.
 14430 | D:11     | Found a staircase to the Orcish Mines.
 14582 | D:11     | Noticed a two-headed ogre
 14585 | D:11     | Killed a two-headed ogre
 14697 | D:11     | Found the +8 trident of the Octopus King {venom, rElec
                  | rPois}
 15100 | Lair:1   | Entered Level 1 of the Lair of Beasts
 15201 | Lair:1   | Reached skill level 5 in Dodging
 15229 | Lair:1   | Reached skill level 10 in Fighting
 15238 | Lair:1   | Gained mutation: Your touch may inflict irresistible damage
                  | on your foes. [demonic ancestry]
 15238 | Lair:1   | Reached XP level 12. HP: 97/97 MP: 2/25
 15433 | Lair:1   | Reached ***** piety under Vehumet
 15448 | Lair:1   | Noticed Fannar
 15458 | Lair:1   | Killed Fannar
 15832 | Lair:1   | Offered knowledge of Flame Wave by Vehumet.
 16308 | Lair:1   | Noticed Amaemon
 16317 | Lair:1   | Killed Amaemon
 17094 | Lair:2   | Found a staircase to the Snake Pit.
 17398 | Lair:2   | Reached skill level 10 in Spellcasting
 18149 | Lair:3   | Reached skill level 11 in Fighting
 18155 | Lair:3   | Found a staircase to the Shoals.
 18363 | Lair:3   | Noticed Snorg
 18368 | Lair:3   | Killed Snorg
 18473 | Lair:3   | Learned a level 6 spell: Conjure Ball Lightning
 19237 | Lair:4   | Found a gate leading to a gauntlet.
 19246 | Gauntlet | Entered a Gauntlet
 19246 | Gauntlet | Found a transporter.
 19281 | Gauntlet | Found a transporter.
 19282 | Gauntlet | Found a transporter.
 19293 | Gauntlet | Found a transporter.
 19296 | Gauntlet | Found a transporter.
 19299 | Gauntlet | Noticed a death yak
 19299 | Gauntlet | Noticed a death yak
 19299 | Gauntlet | Noticed a death yak
 19299 | Gauntlet | Noticed a death yak
 19300 | Gauntlet | Noticed a death yak
 19301 | Gauntlet | Noticed a death yak
 19307 | Gauntlet | Found a transporter.
 19326 | Gauntlet | Found a transporter.
 19334 | Gauntlet | Found a transporter.
 19336 | Gauntlet | Identified the +5 ring mail of Midwinter {rPois Will+}
 19336 | Gauntlet | Noticed a minotaur
 19346 | Gauntlet | Found a transporter.
 19348 | Gauntlet | Noticed a death yak
 19349 | Gauntlet | Noticed a seven-headed hydra
 19349 | Gauntlet | Noticed a death yak
 19349 | Gauntlet | Noticed a death yak
 19350 | Gauntlet | Noticed a death yak
 19353 | Gauntlet | Noticed a death yak
 19360 | Gauntlet | Found a transporter.
 19373 | Gauntlet | Found a runed translucent door.
 19374 | Gauntlet | Found a transporter.
 19374 | Gauntlet | Found a transporter.
 19375 | Gauntlet | Found a runed translucent door.
 19414 | Gauntlet | Found a transporter.
 19428 | Gauntlet | Found a transporter.
 19642 | Gauntlet | Gained mutation: You have hoof-like feet. [demonic
                  | ancestry]
 19642 | Gauntlet | Reached XP level 13. HP: 51/106 MP: 10/27
 19842 | Gauntlet | Identified the ring "Beintoha" {rN+ Str-5 Dex+3 Slay+6}
 19844 | Gauntlet | Identified the ring "Hera" {rElec rN++ AC+4 Dex+5}
 20177 | Gauntlet | Killed a minotaur
 20293 | Gauntlet | Identified the ring of Isoumeik {rElec rPois EV+5}
 20641 | Lair:4   | Noticed Zinwir's ghost (journeyman KoHu)
 20810 | Lair:4   | Found the +10 tower shield of Ignorance {rN+ Int-4}
 21373 | Lair:4   | Found a runed translucent gate.
 21374 | Lair:4   | Found a runed translucent gate.
 21469 | Lair:4   | Found a runed translucent door.
 21470 | Lair:4   | Found a viscous altar of Jiyva.
 21470 | Lair:4   | Found a staircase to the Slime Pits.
 21472 | Lair:4   | Noticed an acid blob
 21483 | Lair:4   | Found a runed translucent gate.
 21483 | Lair:4   | Noticed a minotaur
 21525 | Lair:4   | Reached skill level 12 in Fighting
 22153 | Lair:5   | Entered Level 5 of the Lair of Beasts
 22218 | Lair:5   | Offered knowledge of Iskenderun's Mystic Blast by Vehumet.
 22732 | Lair:5   | Gained mutation: You have a tail ending in a sharp stinger.
                  | [demonic ancestry]
 22732 | Lair:5   | Reached XP level 14. HP: 116/116 MP: 7/29
 22737 | Lair:5   | Reached skill level 10 in Conjurations
 23325 | Lair:5   | Reached skill level 13 in Fighting
 23362 | Lair:5   | Slain by a death yak

Illustrated notes

Levels and vault maps discovered:
D:1:      eino_arrival_tree_alley, layout_basic, serial_bayou,
          serial_bayou_shore_a, serial_bayou_pond_c, serial_bayou_crossing,
          serial_bayou_pond_c
D:2:      layout_rooms, basic_altar, chequers_ecumenical_altar_simple
D:3:      minmay_recursive_quarters, layout_loops_ring, zin_academy
D:4:      layout_gridville, lemuel_doored_altar
D:5:      layout_loops_ring, mainiacjoe_overflow_alcove_2, temple_pool_b,
          enter_ossuary_5
D:6:      layout_cave_pods, mainiacjoe_overflow_alcove_1
D:7:      layout_loops_ring, nicolae_gozag_cash_rules_everything_around_me,
          nzn_overflow_gifts_of_might_and_magic, kennysheep_mini_moat,
          enter_bailey_5, gammafunk_ghost_grave, uniq_pikel
D:8:      layout_loops_ring
D:9:      layout_loops_ring, grunt_qazlal_clouds, kennysheep_mini, special_room
          [special_room_orc], minivault_16, amcnicky_mini_corridor_feature
D:10:     layout_rooms, erik_lair_island, minivault_23
D:11:     layout_rooms, orc_0_dummy, serial_bayou, serial_bayou_pond_a,
          serial_bayou_ford_a, serial_bayou_pond_e, serial_bayou_lake_a,
          serial_shops, shop
Temple:   chequers_temple_sunken
Lair:1:   layout_layer_cave, uniq_amaemon, uniq_fannar
Lair:2:   layout_chaotic_city, guppyfry_snake_entry_island
Lair:3:   layout_regular_city, minmay_shoals_entry_beasts, uniq_snorg
Lair:4:   layout_cave_pods, slime_entry_2, gauntlet_entry_generic,
          maelrawn_ghost_gauntlet_escape, grunt_megastairs_1
Lair:5:   hangedman_lair_caniforms_friends, layout_long_grid, wormcave

Skill      XL: |  1  2  3  4  5  6  7  8  9 10 11 12 13 14 |
---------------+-------------------------------------------+-----
Conjurations   | 2 3 4 5 9 10 | 10.0
Fighting       | 1 2 3 4 5 7 8 10 11 12 13 | 13.0
Spellcasting   | 3 4 5 6 8 9 10 11 12 | 12.1
Air Magic      | 3 4 6 9 |  9.5
Ice Magic      | 5 |  5.0
Shields        | 4 |  4.0
Dodging        | 5 8 |  8.2
Stealth        | |  1.7

Action                     |  1- 3 |  4- 6 |  7- 9 | 10-12 | 13-15 || total
---------------------------+-------+-------+-------+-------+-------++-------
  Melee: Unarmed           |     7 |       |       |       |       ||     7
         Whip              |    22 |       |       |       |       ||    22
         War axe           |       |    20 |    28 |    11 |       ||    59
         Touch             |       |     1 |     6 |       |       ||     7
         Punch             |       |       |     1 |       |       ||     1
         Kick              |       |       |     3 |     8 |     4 ||    15
         Tailslap          |       |       |       |    10 |     5 ||    15
         Scimitar          |       |       |       |    12 |    19 ||    31
   Cast: Shock             |    85 |   110 |   188 |   244 |    27 ||   654
         Airstrike         |       |       |    37 |    90 |    28 ||   155
         Freezing Cloud    |       |       |       |    88 |    56 ||   144
         Static Discharge  |       |       |       |     9 |    26 ||    35
         Swiftness         |       |       |       |     1 |       ||     1
         Conjure Ball Ligh |       |       |       |       |    16 ||    16
         Mephitic Cloud    |       |       |       |       |     1 ||     1
  Evoke: Wand              |       |       |     2 |       |     5 ||     7
    Use: Scroll            |     7 |     9 |     4 |     7 |     2 ||    29
         Potion            |       |       |       |       |     1 ||     1
   Stab: Paralysed         |     1 |     6 |     5 |     4 |     1 ||    17
         Distracted        |       |       |       |     1 |       ||     1
 Armour: Robe              |    15 |     6 |    12 |    14 |    15 ||    62
  Dodge: Dodged            |    23 |    29 |    48 |    65 |    60 ||   225
  Block: Buckler           |       |       |       |    15 |    13 ||    28

Table legend: (Time is in decaauts)
 A = Elapsed time spent in this place.
 B = Non-inter-level travel time spent in this place.
 C = Inter-level travel time spent in this place.
 D = Time resting spent in this place.
 E = Time spent auto-exploring this place.
 F = Levels seen in this place.
 G = Mean time per level.
                   A        B        C        D        E       F      G
               +--------+--------+--------+--------+--------+-----+--------+
         Total |  23537 |  22845 |    692 |   2964 |  17059 |  19 | 1238.8 |
       Dungeon |  13357 |  12862 |    495 |   1327 |  10094 |  11 | 1214.3 |
        Temple |     50 |     33 |     17 |      0 |     22 |   1 |   50.0 |
          Lair |   7239 |   7060 |    179 |    621 |   5703 |   5 | 1447.8 |
        Bailey |   1826 |   1826 |      0 |    411 |    994 |   1 | 1826.0 |
      Gauntlet |   1063 |   1063 |      0 |    605 |    245 |   1 | 1063.0 |
               +--------+--------+--------+--------+--------+-----+--------+

Top non-repeatable levels by time:
  Lair:4: 2555 daAuts
  Lair:1: 1982 daAuts
  Bailey: 1826 daAuts
     D:9: 1618 daAuts
     D:6: 1571 daAuts
     D:5: 1401 daAuts
    D:11: 1381 daAuts
     D:3: 1198 daAuts
     D:1: 1182 daAuts
  Lair:3: 1173 daAuts
     D:8: 1134 daAuts
     D:7: 1078 daAuts
Gauntlet: 1063 daAuts
    D:10: 1006 daAuts
     D:4: 977 daAuts
